 Dungeon Crawl Stone Soup version 0.26.1-11-gd32895ea62 (webtiles) character file.

Game seed: 14006800525762093000

247 vvl the Ruffian (level 5, -1/42 HPs)
             Began as a Draconian Transmuter on July 7, 2021.
             Killed from afar by an orc wizard (6 damage)
             ... with a magic dart
             ... on level 3 of the Dungeon.
             The game lasted 00:13:32 (4469 turns).

vvl the Ruffian (Draconian Transmuter)              Turns: 4469, Time: 00:13:33

Health: -1/42      AC:  6    Str: 11 (13) XL:     5   Next: 85%
Magic:  8/9        EV: 12    Int: 12 (13) God:
Gold:   94         SH:  0    Dex: 11 (12) Spells: 9/10 levels left

rFire    . . .     SeeInvis +   g - -2 dagger (curse)
rCold    . . .     Faith    .   (no shield)
rNeg     . . .     Spirit   .   (armour unavailable)
rPois    +         Reflect  .   (helmet currently unavailable)
rElec    .         Harm     .   o - +0 cloak {rPois}
rCorr    .         Rampage  .   (no gloves)
Will     .....                  (boots currently unavailable)
Stlth    ..........             (no amulet)
HPRegen  0.14/turn              i - ring of attention (curse)
MPRegen  0.11/turn              b - ring of see invisible

@: appendages
A: unfitting armour, horns 2, talons 2, cold-blooded, AC +5
a: End Transformation


You were on level 3 of the Dungeon.
You had grown temporary horns.
You had grown temporary talons.
You visited 1 branch of the dungeon, and saw 4 of its levels.

You collected 94 gold pieces.

Inventory:

Hand Weapons
 g - a cursed -2 dagger (weapon)
 k - a +2 long sword of protection
 n - a +3 quarterstaff of chaos
 p - a +2 vorpal hand axe
Armour
 o - a +0 cloak of poison resistance (worn)
Jewellery
 b - a ring of see invisible (right hand)
 i - a cursed ring of attention (left hand)
Scrolls
 a - a scroll of teleportation
 c - a scroll of enchant armour {unknown}
 e - a scroll of blinking
 f - 2 scrolls of identify
 h - a scroll of immolation


   Skills:
 + Level 2.6 Fighting
 - Level 1.7 Dodging
 + Level 3.8 Unarmed Combat
 + Level 3.0 Spellcasting
 * Level 2.5 Necromancy
 + Level 3.4 Transmutations


You had 9 spell levels left.
You knew the following spells:

 Your Spells              Type           Power        Failure   Level
a - Beastly Appendage     Tmut           20%          6%          1

Your spell library contained the following spells:

 Spells                   Type           Power        Failure   Level
 Wereblood                Tmut           10%          9%          2
 Spider Form              Tmut/Pois      2%           36%         3
 Ice Form                 Ice/Tmut       5%           77%         4
 Blade Hands              Tmut           5%           86%         5


Dungeon Overview and Level Annotations

Branches:
Dungeon (4/15)
 Temple: D:4-7

Altars:
Vehumet

Annotations:
D:3 Grinder


Innate Abilities, Weirdness & Mutations

Your plain brown scales are hard. (AC +5)
You cannot fit into any form of body armour.
You are cold-blooded and may be slowed by cold attacks.
You have a pair of horns on your head.
You have razor-sharp toenails.


Message History

You climb upwards.
Level annotation: Grinder The rat barely misses you.
There is a stone staircase leading down here.
You barely miss the orc wizard.
The orc wizard is lightly wounded.
Your horns disappear.
Your talons disappear.
The orc wizard hits you with a +0 dagger.
* * * LOW HITPOINT WARNING * * *
The rat barely misses you.
You hit the orc wizard but do no damage.
The orc wizard is lightly wounded.
The orc wizard hits you but does no damage.
The rat barely misses you.
Casting: Beastly Appendage (safe; 6% risk of failure)
Confirm with . or Enter, or press ? or * to list all spells.
You grow a pair of large bovine horns.
Your feet morph into talons.
The orc wizard gestures at you while chanting.
The magic dart hits you.
You die...

#.## .#.## #... #
#..# # #.# # #..#
###.#.# # #..#
.#.#.# #
##..#########
..#.###
#...o.......#
....##
#.#.#####o#.###.#
....# #.#
#@r....# ##..##
#K# ###.....##
##..# # #.#
######.###.#.#
#r# #..#.##.# #
#(# #.#.###.#
#.#o# #.### #.#
#.#.# #o# #.#
#...# #o# #.#
###.# #.# #.#


You could see an orc wizard and a rat.

Vanquished Creatures
  2 orc wizards (D:3)
  Crazy Yiuf (D:2)
  Terence (D:2)
  Robin (D:2)
  6 adders
  2 worms (D:2)
  A dart slug (D:1)
  2 leopard geckos (D:1)
  3 orcs (D:3)
  2 ball pythons (D:3)
  A giant cockroach (D:1)
  18 goblins
  9 hobgoblins
  6 kobolds
  A quokka (D:3)
  5 bats
  A frilled lizard (D:3)
  5 rats
67 creatures vanquished.

Notes
Turn   | Place    | Note
-------+----------+-------------------------------------------
     0 | D:1      | vvl the Draconian Transmuter began the quest for the Orb.
     0 | D:1      | Reached XP level 1. HP: 16/16 MP: 3/3
   295 | D:1      | Reached XP level 2. HP: 19/23 MP: 5/5
   923 | D:2      | Reached XP level 3. HP: 21/29 MP: 6/6
  1445 | D:2      | Found a runed translucent door.
  1446 | D:2      | Noticed Crazy Yiuf
  1709 | D:2      | Noticed Terence
  1719 | D:2      | Killed Terence
  1721 | D:2      | Found a radiant altar of Vehumet.
  1736 | D:2      | Reached skill level 1 in Necromancy
  1736 | D:2      | Reached XP level 4. HP: 22/36 MP: 5/7
  2584 | D:2      | Killed Crazy Yiuf
  2924 | D:3      | Noticed Robin
  3153 | D:2      | Killed Robin
  3154 | D:2      | Reached XP level 5. HP: 16/41 MP: 9/9
  3864 | D:3      | Noticed Grinder
  3904 | D:3      | Paralysed by Grinder for 6 turns
  3921 | D:3      | Paralysed by Grinder for 5 turns
  3935 | D:3      | Paralysed by Grinder for 5 turns
  4403 | D:3      | HP: 1/42 [orc wizard/+0 dagger (4)]
  4469 | D:3      | Killed from afar by an orc wizard

Illustrated notes

Levels and vault maps discovered:
D:1:      lightli_arrival_chessboard, layout_rooms
D:2:      layout_loops_ring, old_standard_altar, chequers_serial_rivers_micro_c,
          uniq_terence, uniq_crazy_yiuf_cottage
D:3:      layout_loops_ring, uniq_grinder, uniq_robin
D:4:      layout_basic, minmay_temple_entry_ruins, gammafunk_ghost_smash,
          serial_park_tiny_1

Skill      XL: |  1  2  3  4  5 |
---------------+----------------+-----
Fighting       | 2 |  2.6
Necromancy     | 1 2 |  2.5
Transmutations | 3 |  3.4
Spellcasting   | 3 |  3.0
Dodging        | |  1.7
Unarmed Combat | |  3.8

Action                   |  1- 3 |  4- 6 || total
-------------------------+-------+-------++-------
Melee: Unarmed           |    63 |       ||    63
       Tailslap          |    12 |    24 ||    36
       Dagger            |    73 |   302 ||   375
       Kick              |     6 |    38 ||    44
       Headbutt          |     2 |    27 ||    29
       Punch             |     1 |     8 ||     9
 Cast: Beastly Appendage |     2 |    25 ||    27
  Use: Scroll            |     3 |     4 ||     7
       Potion            |       |     7 ||     7
 Stab: Sleeping          |     1 |       ||     1
Armor: Skin              |    27 |   177 ||   204
Dodge: Dodged            |    94 |   238 ||   332
